 Dungeon Crawl Stone Soup version 0.20.0-10-g0535bb4 (webtiles) character file.

441 xgamer67 the Stinger (level 7, -1/45 HPs)
             Began as an Octopode Venom Mage on June 6, 2017.
             Was a Follower of Vehumet.
             Slain by a hippogriff (8 damage)
             ... on level 4 of the Dungeon.
             The game lasted 00:16:38 (4585 turns).

xgamer67 the Stinger (Octopode Venom Mage)          Turns: 4585, Time: 00:16:38

Health: -1/45      AC:  1    Str:  7    XL:     7   Next: 2%
Magic:  1/11       EV: 14    Int: 19    God:    Vehumet [*.....]
Gold:   220        SH:  0    Dex: 13    Spells: 4/11 levels left

rFire    . . .     SeeInvis .   a - +0 dagger
rCold    . . .     Gourm    .   (no shield)
rNeg     + . .     Faith    .   (helmet restricted)
rPois    .         Spirit   .   h - amulet of regeneration
rElec    .         Reflect  .   c - ring of positive energy
rCorr    .         Harm     .   u - +1 ring of evasion
MR       .....                  (no ring)
Stlth    +++.......             (no ring)
Regen    0.6/turn               (no ring)
MPRegen  0.2/turn               (no ring)
                                (no ring)
                                (no ring)

@: no status effects
A: almost no armour, stealthy swim, amphibious, 8 rings, constrict 8, camouflage
1, gelatinous body 1
a: Renounce Religion


You were on level 4 of the Dungeon.
You worshipped Vehumet.
Vehumet was aware of your devotion.
You were not hungry.

You visited 1 branch of the dungeon, and saw 6 of its levels.

You collected 220 gold pieces.

Inventory:

Hand Weapons
 a - a +0 dagger (weapon)
Missiles
 g - 9 needles of confusion
 o - 14 poisoned needles
 x - 34 stones (quivered)
Jewellery
 c - a ring of positive energy (left tentacle)
 h - an amulet of regeneration (around mantle)
 s - an uncursed ring of teleportation
 u - a +1 ring of evasion (right tentacle)
Scrolls
 d - 4 scrolls of identify {unknown}
 e - 3 scrolls of teleportation {unknown}
 i - a scroll of immolation {unknown}
 p - 4 scrolls of amnesia {unknown}
 t - a scroll of fear {unknown}
 y - 2 scrolls of remove curse
Potions
 j - a potion of brilliance {unknown}
 k - a potion of haste
 l - a potion of agility
 q - a potion of heal wounds {unknown}
 r - a potion of might
Books
 f - a Young Poisoner's Handbook

   Spells                             Type                      Level
   a - Sting                          Conjuration/Poison           1
   b - Poisonous Vapours              Poison/Air                   2
   c - Mephitic Cloud                 Conjuration/Poison/Air       3
   d - Olgreb's Toxic Radiance        Poison                       4
   e - Venom Bolt                     Conjuration/Poison           5
Comestibles
 b - 7 bread rations
 m - a meat ration
 n - 3 fruits
 w - a royal jelly


   Skills:
 - Level 2.0 Fighting
 - Level 2.0 Dodging
 - Level 2.6 Stealth
 + Level 2.7 Spellcasting
 + Level 4.6 Conjurations
 - Level 6.1 Poison Magic


You had 4 spell levels left.
You knew the following spells:

 Your Spells              Type           Power        Failure   Level  Hunger
a - Sting                 Conj/Pois      ###.         1%          1    None
b - Flame Tongue          Conj/Fire      ##...        6%          1    None
A - Poisonous Vapours     Pois/Air       ##....       7%          2    ##.....
B - Mephitic Cloud        Conj/Pois/Air  ###.....     11%         3    ###....


Dungeon Overview and Level Annotations

Branches:
Dungeon (6/15)
 Temple: D:4-7

Altars:
Dithmenos
Elyvilon
Fedhas
Vehumet
Xom
Zin

Annotations:
D:3 skittles's ghost, amateur DrFE
D:4 exclusions: hippogriff, 2 orcs, orc wizard and skeleton
D:5 exclusions: centaur and sky beast


Innate Abilities, Weirdness & Mutations

You cannot wear most types of armour.
You are very stealthy in the water. (Stealth+)
You are amphibious.
You can wear up to eight rings at the same time.
You can use your tentacles to constrict eight enemies at once.
Your skin changes colour to match your surroundings (Stealth+).
Your rubbery body absorbs attacks. (AC +1, EV +1)


Message History

The hippogriff is almost dead.
The hippogriff misses you. The hippogriff pecks you. The hippogriff claws you.
You hit the hippogriff but do no damage.
The hippogriff is almost dead.
The hippogriff bites you! The hippogriff pecks you.
* * * LOW HITPOINT WARNING * * *
The hippogriff barely misses you.
You barely miss the hippogriff.
You squeeze the hippogriff, but do no damage.
The hippogriff is almost dead.
The hippogriff misses you. The hippogriff pecks you.
* * * LOW HITPOINT WARNING * * *
The hippogriff claws you.
* * * LOW HITPOINT WARNING * * *
You hit the hippogriff but do no damage.
The hippogriff is almost dead.
The hippogriff barely misses you. The hippogriff pecks you.
* * * LOW HITPOINT WARNING * * *
The hippogriff claws you!
You die...

#.............# ..#
#.............# #..###
#..###..###.### #...(.
#..###..###.#######+##....
#....#...>..........##..#
#....#..............##..###
#....#.....................
#....#....H................
#..###.###@###.###.>##..##.
#.)###.#######.###..##..###
#..?..+...........<..............
#.....#.รท........................
#..H..#..##..##<###..####.##..###
#)... #####..##H###..####+##..# Z
#.....#.......................# .
#...).+.......................#..
#.....##'##.....##.....########..


You could see a hippogriff.

Vanquished Creatures
  A scorpion (D:5)
  Crazy Yiuf (D:2)
  A centaur skeleton (D:5)
  An iguana (D:5)
  An orc wizard (D:5)
  5 worker ants
  A worker ant zombie (D:5)
  A howler monkey skeleton (D:5)
  4 adders
  A shadow imp (D:5)
  2 oozes (D:5)
  A dart slug (D:2)
  2 leopard geckos
  15 orcs
  2 ball pythons
  2 giant cockroaches
  7 goblins
  6 hobgoblins
  9 jackals
  4 kobolds
  6 bats
  5 frilled lizards
  A jackal zombie (D:5)
  6 rats
85 creatures vanquished.

Notes
Turn   | Place    | Note
-------+----------+-------------------------------------------
     0 | D:1      | xgamer67 the Octopode Venom Mage began the quest for the Orb.
     0 | D:1      | Reached XP level 1. HP: 11/11 MP: 3/3
   375 | D:1      | Reached skill level 4 in Poison Magic
   445 | D:1      | Reached XP level 2. HP: 15/17 MP: 5/5
   449 | D:1      | Learned a level 2 spell: Poisonous Vapours
  1084 | D:2      | Reached XP level 3. HP: 20/21 MP: 6/6
  1357 | D:2      | Found a shadowy altar of Dithmenos.
  1440 | D:2      | Found a runed door.
  1444 | D:2      | Noticed Crazy Yiuf
  1468 | D:2      | Killed Crazy Yiuf
  1468 | D:2      | Reached skill level 5 in Poison Magic
  1468 | D:2      | Reached XP level 4. HP: 19/27 MP: 7/7
  1994 | D:3      | Found a radiant altar of Vehumet.
  2001 | D:3      | Became a worshipper of Vehumet
  2006 | D:3      | Learned a level 3 spell: Mephitic Cloud
  2236 | D:3      | Reached XP level 5. HP: 26/31 MP: 8/8
  2426 | D:3      | Noticed skittles's ghost (amateur DrFE)
  2462 | D:4      | Noticed a hippogriff
  2693 | D:4      | HP: 1/31 [orc priest/divine providence (14)]
  2763 | D:3      | You fall through a shaft for 2 floors!
  2763 | D:5      | Entered Level 5 of the Dungeon
  3163 | D:5      | Noticed a sky beast
  3231 | D:5      | Reached skill level 1 in Fighting
  3231 | D:5      | Reached skill level 6 in Poison Magic
  3231 | D:5      | Reached XP level 6. HP: 36/38 MP: 4/9
  3283 | D:5      | Reached * piety under Vehumet
  3283 | D:5      | Offered knowledge of Flame Tongue by Vehumet.
  3302 | D:5      | Learned a level 1 spell: Flame Tongue
  3725 | D:5      | Found a blossoming altar of Fedhas.
  3727 | D:5      | Found a shimmering altar of Xom.
  3769 | D:5      | Found a white marble altar of Elyvilon.
  3781 | D:5      | Found a glowing silver altar of Zin.
  4570 | D:4      | Reached XP level 7. HP: 33/45 MP: 1/11
  4585 | D:4      | Slain by a hippogriff

Skill      XL: |  1  2  3  4  5  6 |
---------------+-------------------+-----
Poison Magic   | 4 5 6 |  6.1
Conjurations   | 2 3 4 |  4.6
Fighting       | 1 2 |  2.0
Dodging        | |  2.0
Stealth        | |  2.6
Spellcasting   | |  2.7

Action                   |  1- 3 |  4- 6 |  7- 9 || total
-------------------------+-------+-------+-------++-------
Melee: Unarmed           |    28 |       |       ||    28
       Constrict         |    14 |    21 |       ||    35
       Tentacles         |     5 |    26 |     2 ||    33
       Dagger            |    26 |   112 |     5 ||   143
 Cast: Sting             |    23 |    95 |     2 ||   120
       Poisonous Vapours |     1 |     2 |       ||     3
       Mephitic Cloud    |       |     3 |       ||     3
       Flame Tongue      |       |     8 |       ||     8
  Use: Scroll            |     1 |     1 |       ||     2
       Potion            |     3 |       |       ||     3
 Stab: Sleeping          |     6 |     3 |       ||     9
       Confused          |       |     1 |       ||     1
  Eat: Chunk             |     2 |     7 |       ||     9
       Royal jelly       |       |     2 |       ||     2
Armor: Skin              |       |     5 |       ||     5
Dodge: Dodged            |    41 |    65 |     5 ||   111
